AoeStats
← maxdu95

Arabia

509965247Analyzed
3v3 RM · 4d ago on Sep 28, 2026· 47m 58s· 6 players
Game mode
Random Map
Map size
Normal (6 player)
Population
200
Speed
Normal
Resources
Standard
Victory
Conquest
Starting age
Dark Age
Ending age
Imperial Age
RankedLock teamsTeams togetherTeam positionsShared explorationLock speedFull tech treeHidden civsTurbo modeCheats
Victory
Defeat
🇫🇷 Maya · France
1042
+17
🇫🇷 Franks · France
1040
+17
🇫🇷 Vietnamese · France
1037
+17
🇨🇴 Italians · Colombia
1137
-20
🇹🇷 Teutons · Türkiye
1062
-17
🇦🇷 Maya · Argentina
986
-14
Øxy
7:33 Loom
10:26 Feudal Age
19:28 Castle Age
19:29 Double-Bit Axe
19:24 Horse Collar
20:38 Scale Barding Armor
20:46 Forging
25:22 Wheelbarrow
26:05 Bloodlines
27:29 Scale Barding Armor
28:52 Heavy Plow
31:03 Hand Cart
31:41 Elite Skirmisher
32:57 Pikeman
33:38 Squires
37:07 Imperial Age
35:29 Padded Archer Armor
35:19 Fletching
36:05 Iron Casting
35:50 Chain Barding Armor
35:52 Bow Saw
36:28 Leather Archer Armor
37:04 Bodkin Arrow
37:30 Chain Barding Armor
40:09 Chemistry
38:34 Cavalier
40:56 Ring Archer Armor
41:01 Plate Barding Armor
41:52 Ballistics
42:36 Two-Man Saw
43:38 Conscription
Ruler Bot
10:40 Feudal Age
11:30 Horse Collar
11:38 Double-Bit Axe
11:51 Loom
12:46 Wheelbarrow
14:48 Fletching
14:59 Padded Archer Armor
24:14 Castle Age
22:21 Stone Mining
23:26 Gold Mining
25:28 Bow Saw
25:21 Heavy Plow
26:46 Elite Skirmisher
30:02 Thumb Ring
29:54 Bodkin Arrow
35:42 Ballistics
42:09 Imperial Age
41:00 Hand Cart
41:34 Masonry
42:39 Leather Archer Armor
44:27 Chemistry
43:57 Architecture
43:32 Bracer
44:02 Ring Archer Armor
juan.uquia
0:26 Loom
10:09 Feudal Age
10:48 Double-Bit Axe
13:06 Fletching
14:36 Wheelbarrow
15:09 Town Watch
19:58 Castle Age
21:05 Bow Saw
21:20 Pikeman
22:01 Squires
25:00 Town Patrol
25:21 Hand Cart
25:11 Horse Collar
36:12 Imperial Age
36:00 Treadmill Crane
36:26 Eagle Warrior
37:28 Scale Mail Armor
37:39 Forging
39:06 Chemistry
38:18 Masonry
39:16 Bodkin Arrow
42:35 Two-Man Saw
43:48 Ballistics
43:59 Architecture
Roxdog
7:09 Loom
10:45 Feudal Age
11:10 Double-Bit Axe
11:17 Gold Mining
11:10 Horse Collar
14:49 Fletching
15:00 Padded Archer Armor
23:25 Castle Age
24:26 Bodkin Arrow
24:40 Thumb Ring
23:56 Crossbowman
24:58 Bow Saw
26:30 Leather Archer Armor
28:00 Wheelbarrow
29:35 Ballistics
29:42 Hand Cart
29:39 Town Watch
37:38 Imperial Age
37:56 Arbalester
38:40 Bracer
39:10 Ring Archer Armor
47:26 Two-Man Saw
maxdu95
6:22 Loom
12:15 Feudal Age
14:26 Double-Bit Axe
18:24 Scale Barding Armor
22:24 Forging
25:31 Castle Age
25:34 Pikeman
30:06 Gold Mining
30:06 Stone Mining
31:38 Chain Barding Armor
32:20 Iron Casting
37:18 Gold Shaft Mining
44:54 Imperial Age
43:29 Murder Holes
43:17 Treadmill Crane
43:48 Masonry
45:25 Cavalier
47:19 Paladin
Etibis
0:26 Loom
10:17 Feudal Age
10:56 Double-Bit Axe
15:39 Fletching
16:28 Horse Collar
21:51 Castle Age
22:59 Bow Saw
23:07 Bodkin Arrow
23:13 Padded Archer Armor
22:37 Crossbowman
23:14 Gold Mining
23:28 Heavy Plow
23:35 Elite Skirmisher
25:25 Thumb Ring
25:58 Wheelbarrow
27:58 Ballistics
28:25 Leather Archer Armor
29:28 Hand Cart
36:42 Town Watch
37:23 Stone Mining
42:05 Imperial Age
40:01 Murder Holes
41:13 Scale Mail Armor
41:23 Forging
41:16 Squires
40:36 Eagle Warrior
41:02 Arson
42:41 Town Patrol
43:23 Conscription
43:35 Holcans
42:27 Elite Eagle Warrior
43:24 Chain Mail Armor
43:44 Iron Casting
44:39 Crop Rotation
45:10 Two-Man Saw
46:45 Plate Mail Armor
Connection lost

Rejoining the realm…

Still unreachable

The connection could not be restored.

Session expired

The server has moved on; the page needs a fresh start.